 Dungeon Crawl Stone Soup version 0.25.1-1-g288607f (webtiles) character file.

Game seed: 6554469002011340046

1472 Bronimir the Geomancer (level 8, -15/64 HPs)
             Began as a Deep Dwarf Earth Elementalist on July 19, 2020.
             Was an Initiate of Makhleb.
             Demolished by an orc warrior
             ... wielding a +0 long sword
              (20 damage)
             ... on level 6 of the Dungeon on July 26, 2020.
             The game lasted 00:18:57 (6253 turns).

Bronimir the Geomancer (DDEE)                       Turns: 6253, Time: 00:18:58

Health: -15/64     AC:  9    Str: 20      XL:     8   Next: 49%
Magic:  9/15       EV: 12    Int: 14 (16) God:    Makhleb [......]
Gold:   245        SH:  0    Dex: 12 (13) Spells: 2/17 levels left

rFire    + . .     SeeInvis .   a - +0 hand axe
rCold    . . .     Gourm    .   (no shield)
rNeg     . . .     Faith    .   r - +1 ring mail {rF+}
rPois    .         Spirit   .   (no helmet)
rElec    .         Reflect  .   u - scarf {repulsion}
rCorr    .         Harm     .   s - +0 pair of gloves
MR       +....                  E - +0 pair of boots
Stlth    +.........             (no amulet)
HPRegen  0.00/turn              t - +6 ring of strength
MPRegen  0.14/turn              (no ring)

@: non-regenerating, repel missiles
A: damage resistance, heal wounds, sense surroundings 1, no regeneration
a: Heal Wounds, Renounce Religion


You were on level 6 of the Dungeon.
You worshipped Makhleb.
Makhleb was noncommittal.
You were near starving.

You visited 2 branches of the dungeon, and saw 7 of its levels.

You collected 245 gold pieces.

Inventory:

Hand Weapons
 a - a +0 hand axe (weapon)
 g - a +0 spear
 l - a +0 mace
 A - a +0 dagger
Missiles
 b - 23 stones
 e - 8 boomerangs (quivered)
 k - 29 bolts
 o - 46 sling bullets
Armour
 c - a +0 robe
 r - a +1 ring mail of fire resistance (worn)
 s - a +0 pair of gloves (worn)
 u - a scarf of repulsion (worn)
 y - a +0 cloak
 E - a +0 pair of boots (worn)
 F - a +3 scale mail
Jewellery
 t - a +6 ring of strength (left hand)
 w - an uncursed ring of flight {unknown}
 D - an uncursed ring of magical power {unknown}
Scrolls
 f - 2 scrolls of teleportation {unknown}
 i - 3 scrolls of remove curse {unknown}
 j - 10 scrolls of identify {unknown}
 m - 3 scrolls of amnesia {unknown}
 n - a scroll of blinking {unknown}
 p - 2 scrolls of magic mapping {unknown}
 x - 2 scrolls of enchant weapon {unknown}
 B - 2 scrolls of fear {unknown}
 C - a scroll of vulnerability {unknown}
 G - a scroll of enchant armour {unknown}
 H - 2 scrolls of noise {unknown}
Potions
 q - a potion of curing
 z - 2 potions of degeneration
 J - a potion of stabbing
Comestibles
 d - 8 rations


   Skills:
 + Level 1.2 Fighting
 * Level 2.7 Axes
 + Level 0.1 Throwing
 * Level 4.1 Armour
 + Level 2.6 Dodging
 - Level 2.4 Stealth
 + Level 5.1 Spellcasting
 + Level 1.6 Conjurations
 * Level 1.6 Transmutations
 * Level 9.2 Earth Magic
 * Level 0.3 Invocations


You had 2 spell levels left.
You knew the following spells:

 Your Spells              Type           Power        Failure   Level  Hunger
a - Sandblast             Erth           ####..       1%          1    None
b - Passwall              Tmut/Erth      ###.....     4%          2    ##.....
c - Stone Arrow           Conj/Erth      ###...       9%          3    ###....
d - Petrify               Tmut/Erth      ###.....     30%         4    ####...
e - Lee's Rapid Deconstr  Erth           ####......   17%         5    ######.

Your spell library contained the following spells:

 Spells                   Type           Power        Failure   Level  Hunger
 Corona                   Hex            #......      28%         1    None
 Ensorcelled Hibernation  Hex/Ice        #.....       38%         2    ##.....
 Dazzling Flash           Conj/Hex       #.....       52%         3    ###....
 Confusing Touch          Hex            #.......     63%         3    ###....
 Gell's Gravitas          Tloc           #.........   63%         3    ###....
 Tukima's Dance           Hex            #.......     63%         3    ###....
 Yara's Violent Unravell  Hex/Tmut       #.........   99%         5    ######.
 Metabolic Englaciation   Hex/Ice        #.........   100%        5    ######.


Dungeon Overview and Level Annotations

Branches:
Dungeon (6/15)             Temple (1/1) D:6

Altars:
Ashenzari
Cheibriados
Dithmenos
Elyvilon
Fedhas
Gozag
Kikubaaqudgha
Makhleb
Nemelex Xobeh
Okawaru
Qazlal
Ru
Sif Muna
Trog
Uskayaw
Vehumet
Wu Jian
Xom
Yredelemnul
Zin
The Shining One


Innate Abilities, Weirdness & Mutations

You are resistant to damage.
You can heal yourself by infusing magical energy.
You passively map a small area around you.
You do not regenerate.


Message History

The orc warrior is moderately wounded.
b - 24 stones The orc warrior hits you with a +0 long sword!
* * * LOW HITPOINT WARNING * * *
Casting: Sandblast (safe; 1% risk of failure)
Confirm with . or Enter, or press ? or * to list all spells.
Aiming: Sandblast (safe; 1% risk of failure)
Press: ? - help, Shift-Dir - straight line, f/p - orc warrior
Aim: an orc warrior, wielding a +0 long sword and wearing a +0 plate armour (moderately wounded)
The blast of sand hits the orc warrior.
The orc warrior is heavily wounded.
b - 23 stones The orc warrior hits you with a +0 long sword!
* * * LOW HITPOINT WARNING * * *
You aren't carrying any items that you can evoke without wielding.
Okay, then.
It was a potion of cancellation.
You feel magically purged.
Your magical contamination has completely faded away.
The orc warrior hits you with a +0 long sword!!
You die...

###.....## * *
###....##..## ,
##....#####..##
####....##
##..# , . *
###.......#
##... *
..###........##
##...> *
.............#
##.....
........>...##
#......
.......@....#
##......
,......o.....#
##.......
##.........##
#........
*#..........#
##........
#..........#
#......... ,
#.........##
#.........
#.........#
##......... ,
##.........#
#.....>.... ,
#.........#
#..........


You could see an orc warrior.

Vanquished Creatures
  Grinder (D:6)
  A hippogriff (D:5)
  3 ogres
  2 centaurs
  A bullfrog (D:6)
  A scorpion (D:4)
  A jelly (D:6)
  An orc priest (D:6)
  2 bullfrog skeletons (D:5)
  2 orc wizards
  An iguana (D:6)
  5 worker ants
  2 worker ant zombies
  8 adders
  2 oozes
  3 dart slugs
  4 leopard geckos
  16 orcs
  A ball python (D:1)
  4 bats
  6 giant cockroaches
  7 goblins
  11 hobgoblins
  15 jackals
  5 quokkas
  3 frilled lizards
  A giant cockroach zombie (D:6)
  A jackal skeleton (D:6)
  14 kobolds
  8 rats
132 creatures vanquished.

Notes
Turn   | Place    | Note
-------+----------+-------------------------------------------
     0 | D:1      | Bronimir the Deep Dwarf Earth Elementalist began the quest
                  | for the Orb.
     0 | D:1      | Reached XP level 1. HP: 15/15 MP: 3/3
   156 | D:1      | Reached XP level 2. HP: 22/22 MP: 0/4
   759 | D:1      | Reached XP level 3. HP: 28/28 MP: 4/6
  1017 | D:1      | Learned a level 2 spell: Passwall
  1021 | D:1      | Learned a level 3 spell: Stone Arrow
  1038 | D:2      | Reached skill level 5 in Earth Magic
  1264 | D:2      | Reached skill level 1 in Armour
  1355 | D:2      | Reached XP level 4. HP: 33/37 MP: 5/7
  2293 | D:3      | Noticed a centaur
  2298 | D:3      | Killed a centaur
  2298 | D:3      | Reached skill level 1 in Fighting
  2298 | D:3      | Reached skill level 6 in Earth Magic
  2298 | D:3      | Reached XP level 5. HP: 36/44 MP: 3/9
  3085 | D:4      | Noticed an ogre
  3232 | D:4      | Killed an ogre
  3232 | D:4      | Reached skill level 1 in Conjurations
  3232 | D:4      | Reached XP level 6. HP: 42/51 MP: 6/11
  3358 | D:4      | Found a bloodstained altar of Trog.
  3390 | D:4      | Reached skill level 7 in Earth Magic
  3569 | D:4      | Learned a level 4 spell: Petrify
  3840 | D:4      | Reached XP level 7. HP: 42/57 MP: 7/12
  3903 | D:5      | Entered Level 5 of the Dungeon
  4007 | D:5      | Reached skill level 1 in Axes
  4298 | D:5      | Reached skill level 8 in Earth Magic
  5483 | D:6      | Noticed a hippogriff
  5497 | D:5      | Killed a hippogriff
  5497 | D:5      | Reached XP level 8. HP: 5/64 MP: 4/15
  5554 | D:5      | Learned a level 5 spell: Lee's Rapid Deconstruction
  5597 | D:6      | Reached skill level 1 in Transmutations
  5704 | D:6      | Noticed Grinder
  5770 | D:6      | Killed Grinder
  5770 | D:6      | Reached skill level 5 in Spellcasting
  5770 | D:6      | Reached skill level 9 in Earth Magic
  5928 | D:6      | Found a staircase to the Ecumenical Temple.
  5935 | Temple   | Entered the Ecumenical Temple
  6063 | Temple   | Became a worshipper of Makhleb the Destroyer
  6253 | D:6      | Demolished by an orc warrior

Illustrated notes

Levels and vault maps discovered:
D:1:      lightli_molten_gateway, layout_basic
D:2:      layout_basic, kennysheep_generic_room_10
D:3:      layout_loops_ring
D:4:      layout_gridville, first_ration, st_stairs_9, minmay_misc_feat_square,
          bloody_trog
D:5:      layout_cave_pods, kennysheep_generic_room_8
D:6:      layout_cave_pods, temple_green, uniq_grinder
Temple:   kilobyte_greek_temple

Skill      XL: |  1  2  3  4  5  6  7  8 |
---------------+-------------------------+-----
Spellcasting   | 2 3 4 5 |  5.1
Earth Magic    | 5 6 7 8 9 |  9.2
Armour         | 1 2 3 4 |  4.1
Fighting       | 1 |  1.2
Conjurations   | 1 |  1.6
Axes           | 2 |  2.7
Transmutations | 1 |  1.6
Throwing       | |  0.1
Dodging        | |  2.6
Stealth        | |  2.4
Invocations    | |  0.3

Action                   |  1- 3 |  4- 6 |  7- 9 || total
-------------------------+-------+-------+-------++-------
Melee: Mace              |     6 |     9 |       ||    15
       Hand axe          |       |    13 |    21 ||    34
Throw: Boomerang         |       |       |    12 ||    12
 Cast: Sandblast         |    49 |    93 |    60 ||   202
       Stone Arrow       |       |       |    19 ||    19
       Petrify           |       |       |     1 ||     1
 Abil: Heal Wounds       |       |       |     1 ||     1
  Use: Potion            |       |       |     6 ||     6
  Eat: Chunk             |     2 |     8 |     8 ||    18
Armor: Robe              |     1 |       |       ||     1
       Ring mail         |     3 |    29 |    23 ||    55
Dodge: Dodged            |     9 |    31 |    35 ||    75
       Repelled          |       |     6 |     6 ||    12
